 Dungeon Crawl Stone Soup version 0.17.0-27-g4a3f43e (webtiles) character file.

22010 oplop the Thaumaturge (level 12, -2/63 HPs)
             Began as a Spriggan Enchanter on Nov 21, 2015.
             Was an Elder of Dithmenos.
             Slain by Agnes
             ... wielding a +2 lajatang of electrocution
              (20 damage)
             ... on level 14 of the Dungeon.
             The game lasted 00:49:32 (13769 turns).

oplop the Thaumaturge (Spriggan Enchanter)         Turns: 13769, Time: 00:49:34

Health: -2/63      AC: 10    Str:  4    XL:     12   Next: 59%
Magic:  10/29      EV: 27    Int: 19    God:    Dithmenos [****..]
Gold:   1221       SH:  0    Dex: 19    Spells: 5 memorised, 20 levels left

rFire  . . .     SeeInvis +     N - +1 dagger (speed)
rCold  . . .     Clarity  .     b - +1 robe
rNeg   . . .     SustAt   .     (shield restricted)
rPois  +         Gourm    .     (helmet restricted)
rElec  .         Spirit   .     s - +1 cloak
rCorr  .         Warding  .     (gloves unavailable)
rMut   .         Stasis   .     (boots unavailable)
MR     ++...                    (no amulet)
Stlth  ++++++++..               u - +5 ring of protection
                                l - ring of poison resistance

@: wreathed by umbra, very quick, very resistant to hostile enchantments,
extraordinarily stealthy
A: unfitting armour, see invisible, herbivore 3, speed 3, slow metabolism 2
a: Shadow Step, Renounce Religion


You were on level 14 of the Dungeon.
You worshipped Dithmenos.
Dithmenos was greatly pleased with you.
You were not hungry.

You visited 1 branch of the dungeon, and saw 14 of its levels.
You also visited: Ossuary.

You collected 1221 gold pieces.

Inventory:

Hand Weapons
 a - a +2 dagger
 N - a +1 dagger of speed (weapon)
 X - a +0 blowgun
Missiles
 t - 2 throwing nets (quivered)
 Y - 34 poisoned needles
 Z - 8 curare-tipped needles
Armour
 b - a +1 robe (worn)
 s - a +1 cloak (worn)
Jewellery
 l - a ring of poison resistance (left hand)
 u - a +5 ring of protection (right hand)
 x - an uncursed ring of sustain attributes
 V - an uncursed ring of positive energy
 W - a +3 ring of dexterity
Wands
 A - a wand of draining (10)
 I - a wand of digging (11)
 J - a wand of cold (6)
 P - a wand of paralysis (4)
 S - a wand of disintegration (15)
 T - a wand of magic darts (24)
Scrolls
 h - 2 scrolls of enchant armour
 i - 7 scrolls of remove curse
 o - 2 scrolls of fear
 r - 2 scrolls of amnesia
 w - 4 scrolls of enchant weapon
 C - 7 scrolls of identify
 E - 2 scrolls of fog
 F - a scroll of magic mapping
 G - 5 scrolls of teleportation
 H - a scroll of silence
 L - a scroll of random uselessness {unknown}
 O - 3 scrolls of recharging
Potions
 e - 4 potions of might
 f - a potion of flight {unknown}
 g - 5 potions of heal wounds
 k - 3 potions of agility
 m - 3 potions of ambrosia
 n - 5 potions of curing {unknown}
 p - a potion of cancellation {unknown}
 q - 3 potions of poison {unknown}
 v - 4 potions of brilliance
 z - 2 potions of magic {unknown}
 B - 2 potions of berserk rage {unknown}
 K - 3 potions of lignification {unknown}
 M - 2 potions of cure mutation {unknown}
 Q - 2 potions of degeneration {unknown}
Books
 c - a book of Maledictions

   Spells                             Type                      Level
   a - Corona                         Hexes                        1
   b - Ensorcelled Hibernation        Hexes/Ice                    2
   c - Confuse                        Hexes                        3
   d - Tukima's Dance                 Hexes                        3
   e - Dazzling Spray                 Conjuration/Hexes            3
 j - a book of Clouds

   Spells                             Type                      Level
   a - Mephitic Cloud                 Conjuration/Poison/Air       3
   b - Conjure Flame                  Conjuration/Fire             3
   c - Poisonous Cloud                Conjuration/Poison/Air       6
   d - Freezing Cloud                 Conjuration/Ice/Air          6
   e - Ring of Flames                 Charms/Fire                  7
 y - a book of Necromancy

   Spells                             Type                      Level
   a - Pain                           Necromancy                   1
   b - Animate Skeleton               Necromancy                   1
   c - Vampiric Draining              Necromancy                   3
   d - Regeneration                   Charms/Necromancy            3
   e - Animate Dead                   Necromancy                   4
   f - Control Undead                 Necromancy                   4
Comestibles
 d - 10 bread rations
 D - 6 fruits
 R - a royal jelly


   Skills:
 + Level 7.1 Fighting
 - Level 9.1 Short Blades
 - Level 9.9 Dodging
 - Level 10.3 Stealth
 + Level 12.2 Spellcasting
 * Level 3.1 Conjurations
 - Level 11.3 Hexes
 * Level 3.0 Ice Magic
 * Level 3.4 Air Magic


You had 20 spell levels left.
You knew the following spells:

 Your Spells              Type           Power        Failure   Level  Hunger
a - Corona                Hex            ######.      1%          1    None
b - Ensorcelled Hibernat  Hex/Ice        #####.       1%          2    None
c - Confuse               Hex            ######..     1%          3    None
d - Tukima's Dance        Hex            ######..     1%          3    None
e - Freezing Cloud        Conj/Ice/Air   ###.......   100%        6    ######.


Dungeon Overview and Level Annotations

Branches:
Dungeon (14/15)            Temple (0/1) D:7            Lair (0/8) D:10
    Orc (0/4) D:12         Vaults (0/5) D:13

Altars:
Ashenzari
Cheibriados
Dithmenos
Fedhas
Kikubaaqudgha
Makhleb
Okawaru
Qazlal
Ru
Sif Muna
Trog
Zin
The Shining One

Shops:
D:4 :

Annotations:
D:7 exclusion: oklob sapling
D:14 Agnes


Innate Abilities, Weirdness & Mutations

You are tiny and cannot use many weapons and most armour.
You have supernaturally acute eyesight.
You are a herbivore.
You cover ground extremely quickly.
You need consume almost no food.


Message History

Agnes is nearby!
Agnes is nearby!
A wizard comes into view. It is wielding a dagger.
Found a scroll of remove curse.
The helpless Agnes fails to defend herself.
You skewer Agnes like a kebab!!!!
Agnes is almost dead.
Casting: Tukima's Dance
Confirm with . or Enter, or press ? or * to list all spells.
Aiming: Tukima's Dance
Press: ? - help, Shift-Dir - straight line, f - Agnes
Aim: Agnes, wielding a lajatang of electrocution and wearing a robe (almost dead, umbra, chance to defeat MR: 37%) Agnes resists with some effort.
The wizard shouts!
Agnes hits you with a lajatang of electrocution!!
Ouch! That really hurt!
* * * LOW HITPOINT WARNING * * *
You emit a cloud of dark smoke.
Agnes hits you with a lajatang of electrocution!!
You die...

.# .# .# # .... ##
...# ...# # ...# ..p#
######...#####
###...i§......). #.
.....?.§@§......
#.#.###...§§§......
#.#.# #####.....###
#.#.# #.....# # #.#.#
#.....# #.#.#(#
#.....# ## #.#.#.#
##.....#
.###.....######......#
#.####.#........##.#.#


You could see Agnes and a wizard.

Vanquished Creatures
  Fannar (D:10)
  2 hydras
  Erica (D:8)
  An unseen horror (D:12)
  A wizard (D:13)
  5 hill giants
  A necromancer (D:13)
  3 ugly things
  The ghost of McCoppin the Frost Mage, a novice MfIE (D:6)
  A griffon (D:13)
  3 molten gargoyles (D:10)
  A redback zombie (D:13)
  3 trolls
  Prince Ribbit (D:9)
  A trapdoor spider zombie (D:9)
  4 slime creatures (D:14)
  3 deep elf magi
  A spriggan (D:9)
  A wyvern (D:11)
  2 hippogriffs
  A wraith (D:13)
  Grum (D:8)
  A steam dragon (D:13)
  A hungry ghost (D:8)
  2 vampire mosquitoes (D:12)
  8 yaks (D:12)
  Menkaure (D:4)
  4 wolves (D:8)
  A mottled dragon (D:12)
  4 orc warriors
  3 ice beasts
  An eye of draining (D:8)
  A phantom (D:6)
  A wasp (D:13)
  2 black bears
  A crocodile (D:13)
  3 centaurs
  2 big kobolds
  A brain worm (D:12)
  Blork the orc (D:4)
  12 giant frogs
  A wyvern zombie (D:11)
  2 scorpions
  3 vampire bats (D:6)
  6 killer bees (D:11)
  2 wights (D:13)
  3 centaur zombies
  A wasp zombie (D:8)
  The ghost of dadoka the Ruffian, a weakling VSMo (D:3)
  5 crimson imps
  3 giant frog zombies
  4 jellies
  4 hounds
  A quasit (D:10)
  6 centaur skeletons
  6 orc priests
  3 iron imps (D:7)
  8 worker ants
  5 iguanas
  A gnoll shaman (D:4)
  3 hound zombies (D:5)
  2 hound skeletons (D:5)
  8 mummies (Ossuary)
  5 worker ant zombies
  Robin (D:4)
  15 adders
  3 gnolls (D:4)
  5 shadow imps
  An ooze (D:1)
  An adder zombie (D:5)
  A worm (D:2)
  6 giant geckos
  17 orcs
  2 ball pythons
  A bat skeleton (D:6)
  4 bat zombies (D:6)
  5 giant cockroaches
  A gnoll zombie (Ossuary)
  11 goblins
  10 hobgoblins
  10 jackals
  5 quokkas
  5 bats
  A giant cockroach zombie (D:8)
  A giant gecko skeleton (D:7)
  3 giant gecko zombies
  5 giant newts
  5 hobgoblin zombies (Ossuary)
  A jackal skeleton (D:7)
  2 jackal zombies (D:5)
  14 kobolds
  A kobold zombie (Ossuary)
  An orc zombie (Ossuary)
  4 quokka skeletons
  5 rats
319 creatures vanquished.

Vanquished Creatures (collateral kills)
  An orc knight (D:12)
  2 hill giants (D:11)
  A griffon (D:13)
  A molten gargoyle (D:10)
  3 two-headed ogres
  A deep elf mage (D:12)
  6 orc warriors
  4 ogres
  A big kobold (D:9)
  A killer bee (D:11)
  13 wights
  A hound (D:8)
  4 orc priests
  4 orc wizards
  3 gnolls (D:4)
  28 orcs
  4 goblins (D:4)
  4 hobgoblins
  4 kobolds
86 creatures vanquished.

Vanquished Creatures (others)
  4 dancing weapons
4 creatures vanquished.

Grand Total: 409 creatures vanquished

Notes
Turn   | Place    | Note
--------------------------------------------------------------
     0 | D:1      | oplop the Spriggan Enchanter began the quest for the Orb.
     0 | D:1      | Reached XP level 1. HP: 9/9 MP: 5/5
   172 | D:1      | Reached XP level 2. HP: 10/13 MP: 7/7
   176 | D:1      | Learned a level 2 spell: Ensorcelled Hibernation
   295 | D:1      | Reached skill level 5 in Stealth
   980 | D:2      | Reached XP level 3. HP: 16/16 MP: 8/8
  1217 | D:2      | Reached XP level 4. HP: 14/21 MP: 7/10
  1265 | D:2      | Learned a level 3 spell: Confuse
  1269 | D:2      | Learned a level 3 spell: Tukima's Dance
  1330 | D:2      | Found a faded altar to an unknown god.
  1831 | D:3      | Noticed a centaur
  1836 | D:3      | Killed a centaur
  1836 | D:3      | Reached skill level 6 in Stealth
  1836 | D:3      | Reached skill level 5 in Hexes
  1836 | D:3      | Reached XP level 5. HP: 24/24 MP: 13/13
  1882 | D:3      | Noticed a black bear
  1899 | D:3      | Killed a black bear
  1899 | D:3      | Reached skill level 5 in Spellcasting
  1899 | D:3      | Reached XP level 6. HP: 23/28 MP: 7/14
  1946 | D:3      | Noticed dadoka's ghost (weakling VSMo)
  2013 | D:3      | Killed dadoka's ghost
  2013 | D:3      | Reached skill level 7 in Stealth
  2593 | D:3      | Found a bloodstained altar of Trog.
  2640 | D:4      | Found Viacw's Book Emporium.
  2655 | D:4      | Noticed Menkaure
  2669 | D:4      | Killed Menkaure
  2673 | D:4      | Reached XP level 7. HP: 32/32 MP: 14/16
  2724 | D:4      | Noticed Robin
  2745 | D:4      | Noticed Blork the orc
  2766 | D:4      | Found a sand-covered staircase.
  2778 | D:3      | Reached skill level 8 in Stealth
  2882 | Ossuary  | Entered an ossuary
  3455 | D:4      | Found a shadowy altar of Dithmenos.
  3491 | D:4      | Killed Blork the orc
  3522 | D:4      | Reached skill level 1 in Fighting
  3581 | D:4      | Found a sacrificial altar of Ru.
  3714 | D:4      | Killed Robin
  3744 | D:4      | Found a deep blue altar of Sif Muna.
  3794 | D:4      | Reached XP level 8. HP: 26/37 MP: 2/19
  3958 | D:5      | Entered Level 5 of the Dungeon
  4359 | D:5      | Reached skill level 5 in Dodging
  4408 | D:5      | Found a glowing silver altar of Zin.
  4950 | D:6      | Found a shattered altar of Ashenzari.
  5102 | D:6      | Found a shadowy altar of Dithmenos.
  5209 | D:6      | Noticed McCoppin's ghost (novice MfIE)
  5243 | D:6      | Killed McCoppin's ghost
  5243 | D:6      | Reached XP level 9. HP: 29/44 MP: 2/22
  5322 | D:6      | Found an ancient bone altar of Kikubaaqudgha.
  5834 | D:7      | Found a staircase to the Ecumenical Temple.
  5948 | D:6      | Became a worshipper of Dithmenos the Shadowed
  6030 | D:7      | Found a burning altar of Makhleb.
  6801 | D:7      | Noticed a centaur zombie
  6821 | D:7      | Killed a centaur zombie
  6821 | D:7      | Reached skill level 5 in Short Blades
  7102 | D:8      | Noticed Erica
  7153 | D:8      | Noticed Grum
  7210 | D:8      | Reached skill level 9 in Spellcasting
  7258 | D:8      | Reached * piety under Dithmenos
  7280 | D:8      | Killed Grum
  7458 | D:8      | Reached XP level 10. HP: 50/50 MP: 9/24
  7857 | D:8      | Killed Erica
  8119 | D:8      | Found a glowing golden altar of the Shining One.
  8427 | D:9      | Found a stormy altar of Qazlal.
  8512 | D:9      | Reached skill level 10 in Spellcasting
  8703 | D:9      | Noticed Prince Ribbit
  8710 | D:9      | Killed Prince Ribbit
  8800 | D:9      | Found a snail-covered altar of Cheibriados.
  8800 | D:9      | Found a blossoming altar of Fedhas.
  8801 | D:9      | Found an iron altar of Okawaru.
  8835 | D:9      | Reached skill level 5 in Fighting
  8838 | D:9      | Reached ** piety under Dithmenos
  9190 | D:10     | Entered Level 10 of the Dungeon
  9339 | D:10     | Found a staircase to the Lair.
  9374 | D:10     | Noticed a hill giant
  9387 | D:10     | Killed a hill giant
  9391 | D:10     | Noticed a hill giant
  9405 | D:10     | Killed a hill giant
  9405 | D:10     | Reached skill level 10 in Hexes
  9415 | D:10     | Noticed Fannar
  9514 | D:10     | Killed Fannar
  9514 | D:10     | Reached XP level 11. HP: 37/56 MP: 17/26
 10155 | D:11     | Noticed a hill giant
 10181 | D:11     | Killed a hill giant
 10499 | D:11     | Noticed a hill giant
 10522 | D:11     | Killed a hill giant
 10652 | D:11     | Noticed a hill giant
 10660 | D:11     | Killed a hill giant
 10742 | D:11     | Noticed a hill giant
 10755 | D:11     | Killed a hill giant
 10755 | D:11     | Reached skill level 11 in Spellcasting
 10877 | D:11     | Noticed a seven-headed hydra
 10960 | D:11     | Killed a seven-headed hydra
 11291 | D:12     | Noticed an unseen horror
 11298 | D:12     | Killed an unseen horror
 11534 | D:12     | Reached *** piety under Dithmenos
 11534 | D:12     | Reached skill level 10 in Stealth
 11757 | D:12     | Found a staircase to the Orcish Mines.
 12080 | D:12     | Reached XP level 12. HP: 62/62 MP: 18/28
 12215 | D:12     | Learned a level 6 spell: Freezing Cloud
 12272 | D:12     | Reached **** piety under Dithmenos
 12487 | D:13     | Reached skill level 1 in Air Magic
 12516 | D:13     | Reached skill level 1 in Ice Magic
 12552 | D:13     | Reached skill level 1 in Conjurations
 13013 | D:13     | Found a gate to the Vaults.
 13017 | D:13     | Reached skill level 12 in Spellcasting
 13645 | D:14     | Noticed a five-headed hydra
 13671 | D:14     | Killed a six-headed hydra
 13761 | D:14     | Noticed Agnes
 13769 | D:14     | Slain by Agnes

Action                   |  1- 3 |  4- 6 |  7- 9 | 10-12 || total
-------------------------+-------+-------+-------+-------++-------
Melee: Dagger            |    66 |   112 |   581 |   537 ||  1296
 Cast: Corona            |     1 |       |     1 |       ||     2
       Ensorcelled Hiber |    10 |    15 |    38 |    60 ||   123
       Tukima's Dance    |       |     6 |    24 |    76 ||   106
       Confuse           |       |     3 |    75 |    77 ||   155
Evoke: Wand              |       |       |       |     3 ||     3
  Use: Scroll            |       |     8 |     6 |     6 ||    20
       Potion            |       |       |     2 |       ||     2
 Stab: Sleeping          |    25 |    24 |    26 |    69 ||   144
       Confused          |       |     2 |    40 |    46 ||    88
       Distracted        |       |       |     3 |     5 ||     8
       Paralysed         |       |       |       |     1 ||     1
  Eat: Bread ration      |       |       |     1 |       ||     1
       Pizza             |       |       |     1 |       ||     1
       Royal jelly       |       |       |       |     4 ||     4
